 Dungeon Crawl Stone Soup version 0.32-a0-913-g739538afd8 (webtiles) character file.

Game seed: 2613242852889477856

45 smashvw the Cudgeller (level 3, -1/51 HPs)
             Began as a Minotaur Berserker on Apr 7, 2024.
             Was a Follower of Trog.
             Slain by a ribbon worm (2 damage)
             ... on level 2 of the Dungeon.
             The game lasted 00:01:47 (452 turns).

smashvw the Cudgeller (Minotaur Berserker)           Turns: 452, Time: 00:01:47

Health: -1/51      AC:  2    Str: 23    XL:     3   Next: 42%
Magic:  2/2        EV: 11    Int:  4    God:    Trog [*.....]
Gold:   14         SH:  0    Dex:  9    Spells: 2/2 levels left

rFire   . . .        a - +0 mace
rCold   . . .        (no shield)
rNeg    . . .        b - +0 animal skin
rPois   .            (helmet restricted)
rElec   .            (no cloak)
rCorr   .            (no gloves)
SInv    .            (no boots)
Will    .....        (no amulet) Stlth
                     (no ring)
HPRegen 0.28/turn    (no ring)
MPRegen 0.08/turn

%: no passive effects
@: berserking (expiring), very quick
A: horns 2, retaliatory headbutt
a: Renounce Religion, Berserk


You were on level 2 of the Dungeon.
You worshipped Trog.
Trog was aware of your devotion.
You visited 1 branch of the dungeon, and saw 2 of its levels.

You collected 14 gold pieces.

Inventory:

Hand Weapons
 a - a +0 mace (weapon)
Armour
 b - a +0 animal skin (worn)
Scrolls
 d - 2 scrolls of enchant weapon {unknown}
 g - a scroll of teleportation {unknown}
 h - a scroll of identify {unknown}
Potions
 c - a potion of ambrosia {unknown}
 e - a potion of haste {unknown}
 f - a potion of lignification {unknown}


   Skills:
 + Level 4.6 Fighting
 + Level 4.6 Maces & Flails
 - Level 2.5 Armour
 - Level 2.2 Dodging


You had 2 spell levels left.
You didn't know any spells.
Your spell library was empty.

Dungeon Overview and Level Annotations

Branches:
Dungeon (2/15)

Altars:


Innate Abilities, Weirdness & Mutations

You have a pair of horns on your head.
You reflexively headbutt those who attack you in melee.


Message History

The frilled lizard bites you. Terence closely misses you.
The endoplasm barely misses you.
You hit Terence but do no damage.
Terence is lightly wounded.
The frilled lizard bites you. Terence hits you with a +0 flail.
* * * LOW HITPOINT WARNING * * *
The endoplasm freezes you.
You are frozen.
* * * LOW HITPOINT WARNING * * *
You hit Terence. You headbutt Terence, but do no damage.
Terence is heavily wounded.
The frilled lizard bites you.
* * * LOW HITPOINT WARNING * * *
The endoplasm misses you. Terence barely misses you. You furiously retaliate!
You headbutt Terence!
You feel the power of Trog in you as your rage grows.
You kill Terence!
Trog accepts your kill.
You have reached level 3!
Your experience leads to an increase in your attributes!
Increase (S)trength, (I)ntelligence, or (D)exterity?
Uppercase letters only, please.
You feel stronger. x2
You barely miss the endoplasm. You headbutt the endoplasm.
You kill the endoplasm!
Trog accepts your kill.
You completely miss the frilled lizard. The frilled lizard closely misses you.
You barely miss the frilled lizard. The frilled lizard barely misses you.
You closely miss the frilled lizard. The frilled lizard bites you.
* * * LOW HITPOINT WARNING * * *
You hit the frilled lizard.
The frilled lizard is heavily wounded.
You thump the frilled lizard!
You kill the frilled lizard!
Trog accepts your kill. The ribbon worm bites you!
* * * LOW HITPOINT WARNING * * *
You barely miss the ribbon worm. You barely miss the ribbon worm.
The ribbon worm bites you.
You die...

...####....###.........
.........#..##..........
.......#................
.†..........#[..........
.......>..#.##..........
........................
.........#...!..........
...........#....).......
...........$....@w$.....
.....#....##..))........
##.$.... #............
..##........!....... ..
.................
.##.............
###.#.........
..........!.


You could see a ribbon worm.

Vanquished Creatures
  Terence (D:2)
  2 bats
  4 endoplasms
  A giant cockroach (D:1)
  2 goblins (D:2)
  A hobgoblin (D:1)
  2 jackals (D:2)
  A ball python (D:2)
  A frilled lizard (D:2)
  A kobold (D:1)
  3 rats (D:1)
19 creatures vanquished.

Notes
Turn   | Place    | Note
-------+----------+-------------------------------------------
     0 | D:1      | smashvw the Minotaur Berserker began the quest for the Orb.
     0 | D:1      | Reached XP level 1. HP: 19/19 MP: 0/0
   224 | D:1      | Reached XP level 2. HP: 27/27 MP: 1/1
   435 | D:2      | Noticed Terence
   443 | D:2      | Killed Terence
   444 | D:2      | Reached XP level 3. HP: 8/34 MP: 2/2
   450 | D:2      | HP: 1/51 [ribbon worm (7)]
   452 | D:2      | Slain by a ribbon worm

Illustrated notes

Levels and vault maps discovered:
D:1:      lightli_arrival_statue_moat, layout_rooms, minmay_misc_feat_rows
D:2:      layout_rooms, chequers_ecumenical_altar_simple_redux,
          minmay_three_crescents, uniq_terence

Skill      XL: |  1  2 |
---------------+-------+-----
Maces & Flails | 4 |  4.6
Fighting       | 4 |  4.6
Armour         | |  2.5
Dodging        | |  2.2

Action                     || total
---------------------------++-------
  Melee: Mace              ||    32
         Headbutt          ||     4
 Invoke: Berserk           ||     1
 Armour: Animal skin       ||    21
  Dodge: Dodged            ||    26

Table legend: (Time is in decaauts)
 A = Elapsed time spent in this place.
 B = Non-inter-level travel time spent in this place.
 C = Inter-level travel time spent in this place.
 D = Time resting spent in this place.
 E = Time spent auto-exploring this place.
 F = Levels seen in this place.
 G = Mean time per level.
                   A        B        C        D        E       F      G
               +--------+--------+--------+--------+--------+-----+--------+
         Total |    453 |    434 |     19 |      0 |    326 |   2 |  226.5 |
       Dungeon |    453 |    434 |     19 |      0 |    326 |   2 |  226.5 |
               +--------+--------+--------+--------+--------+-----+--------+

Top non-repeatable levels by time:
     D:1: 392 daAuts
     D:2: 61 daAuts
